 Dungeon Sprint DCSS version 0.21-a0-401-g0b6bec4 (webtiles) character file.

509036 theanonym the Conqueror (level 20, 157/157 HPs)
             Began as a Gargoyle Fighter on Oct 21, 2017.
             Was the Champion of Makhleb.
             Escaped with the Orb!
             The game lasted 01:01:41 (2409 turns).

theanonym the Conqueror (Gargoyle Fighter)          Turns: 2409, Time: 01:01:42

Health: 157/157    AC: 56    Str: 31    XL:     20   Next: 54%
Magic:  25/25      EV: 17    Int: 13    God:    Makhleb [******]
Gold:   0          SH: 37    Dex: 11    Spells: 19/19 levels left

rFire    + + .     SeeInvis .   b - +6 shillelagh "Devastator" {shatter}
rCold    + . .     Gourm    .   A - +18 shield of the Gong {rElec rN+ MR+ EV-5}
rNeg     + + +     Faith    .   a - +15 Maxwell's patent armour {-Cast -Tele rElec MR+ rCorr}
rPois    ∞         Spirit   .   W - +2 hat
rElec    +         Reflect  .   q - scarf of the Skies Above {rF- rN++ Dex+5}
rCorr    +         Harm     .   B - +0 pair of gloves of Eclailoc {rN+ Str+3 Int+3 Dex-3} (curse)
MR       ++++.     NoTele   +   (no boots) Stlth +.........NoCast +
                                Y - amulet of Woesuil {+Rage rF++ rC+ MP-9 Slay+4}
HPRegen  0.36/turn              O - ring of protection from magic
MPRegen  0.19/turn              P - ring of Descent {rPois rF+ rN+}

@: flying, studying 2 skills
A: big wings, negative energy resistance 1, electricity resistance, unbreathing,
petrification resistance, rot immunity, AC +15
0: Orb of Zot
a: Stop Flying, Minor Destruction, Lesser Servant of Makhleb, Major Destruction,
Greater Servant of Makhleb, Renounce Religion, Evoke Berserk Rage


You escaped.
You worshipped Makhleb.
Makhleb was exalted by your worship.
You were not hungry.

You visited 1 branch

Inventory:

Hand Weapons
 b - the +6 shillelagh "Devastator" (weapon) {shatter}
   (You found it in the Dungeon)
 U - the +9 whip of Earthquakes {freeze, rN+ Int+2 Dex+4}
   (You took it off a green draconian in the Dungeon)

   It has been specially enchanted to freeze those struck by it, causing extra
   injury to most foes and up to half again as much damage against particularly
   susceptible opponents.
   It can also slow down cold-blooded creatures.
   It affects your intelligence (+2).
   It affects your dexterity (+4).
   It protects you from negative energy.
Armour
 a - the +15 Maxwell's patent armour (worn) {-Cast -Tele rElec MR+ rCorr}
   (You found it in the Dungeon)

   It insulates you from electricity.
   It affects your resistance to hostile enchantments.
   It prevents spellcasting.
   It prevents most forms of teleportation.
   It protects you from acid and corrosion.
 q - the scarf of the Skies Above (worn) {rF- rN++ Dex+5}
   (You acquired it in the Dungeon)

   It affects your dexterity (+5).
   It makes you vulnerable to fire.
   It greatly protects you from negative energy.
 A - the +18 shield of the Gong (worn) {rElec rN+ MR+ EV-5}
   (You found it in the Dungeon)

   It affects your evasion (-5).
   It insulates you from electricity.
   It protects you from negative energy.
   It affects your resistance to hostile enchantments.
 B - the cursed +0 pair of gloves of Eclailoc (worn) {rN+ Str+3 Int+3 Dex-3}
   (You found it in the Dungeon)

   It affects your strength (+3).
   It affects your intelligence (+3).
   It affects your dexterity (-3).
   It protects you from negative energy.
   It has a curse placed upon it.
 W - a +2 hat (worn)
   (You found it in the Dungeon)
Jewellery
 y - an uncursed ring of protection from cold
   (You found it in the Dungeon)
 K - the ring "Ciwn" {+Fly rPois rC- rN++ Stlth+}
   (You took it off a deep elf blademaster in the Dungeon)

   [ring of flight]

   It makes you vulnerable to cold.
   It protects you from poison.
   It greatly protects you from negative energy.
   It lets you fly.
   It makes you more stealthy.
 L - the ring of Fapleyvute {rN+ EV+4}
   (You found it in the Dungeon)

   [ring of evasion]

   It affects your evasion (+4).
   It protects you from negative energy.
 O - a ring of protection from magic (left hand)
   (You found it in the Dungeon)
 P - the ring of Descent (right hand) {rPois rF+ rN+}
   (You found it in the Dungeon)

   [ring of protection from fire]

   It protects you from fire.
   It protects you from poison.
   It protects you from negative energy.
 R - an uncursed ring of protection from fire
   (You took it off a deep elf sorcerer in the Dungeon)
 V - a +6 amulet of reflection
   (You took it off a deep elf blademaster in the Dungeon)
 Y - the amulet of Woesuil (around neck) {+Rage rF++ rC+ MP-9 Slay+4}
   (You found it in the Dungeon)

   [amulet of rage]

   It affects your accuracy and damage with ranged weapons and melee attacks
   (+4).
   It greatly protects you from fire.
   It protects you from cold.
   It affects your magic capacity (-9).
   It lets you go berserk.
Scrolls
 k - 4 scrolls of blinking
 r - 5 scrolls of identify
 s - 4 scrolls of fog {!r}
 t - a scroll of holy word
 u - 3 scrolls of recharging
 v - 5 scrolls of remove curse
 w - a scroll of fear {!r}
Potions
 d - 5 potions of might
 e - 10 potions of curing
 g - 20 potions of heal wounds
 h - 12 potions of haste
 m - 2 potions of invisibility
 n - 4 potions of resistance
 p - 3 potions of agility
Books
 j - a manual of Axes
   (You found it in the Dungeon)
 o - a manual of Hexes
   (You found it in the Dungeon)
 J - a book of Enchantments
   (You found it in the Dungeon)

   Spells                             Type                      Level
   a - Cause Fear                     Hexes                        4
   b - Yara's Violent Unravelling     Hexes/Transmutation          5
   c - Silence                        Hexes/Air                    5
   d - Deflect Missiles               Charms/Air                   6
   e - Discord                        Hexes                        8
Miscellaneous
 c - 9 phantom mirrors
Comestibles
 f - 5 bread rations
 i - 8 chunks of flesh
 x - 42 fruits
 z - 3 meat rations
 T - 6 royal jellies


   Skills:
 O Level 27 Fighting
 O Level 27 Maces & Flails
 O Level 27 Armour
 O Level 27 Dodging
 + Level 14.8 Stealth
 O Level 27 Shields
 - Level 20.0 Invocations
 + Level 19.0 Evocations


You had 19 spell levels left.
You didn't know any spells.

Dungeon Overview and Level Annotations

Branches:
Dungeon (1/1)

Altars:
Ashenzari
Cheibriados
Dithmenos
Elyvilon
Fedhas
Gozag
Hepliaklqana
Kikubaaqudgha
Makhleb
Nemelex Xobeh
Okawaru
Qazlal
Ru
Sif Muna
Trog
Uskayaw
Vehumet
Wu Jian
Xom
Yredelemnul
Zin
The Shining One
Beogh
Jiyva
Lugonu


Innate Abilities, Weirdness & Mutations

You are resistant to torment.
Your stone body is resilient. (AC +15)
You are immune to poison.
Your large and strong wings let you fly indefinitely.
You resist negative energy. (rN+)
You are resistant to electric shocks. (rElec)
You can survive without breathing.
You are immune to petrification.
You are immune to rotting.


Message History

A tentacle segment bursts forth from the water. x6
You block the tentacle's attack.
PTOANNNG!
You block the kraken's attack.
BOUMMMMG!
You hit the kraken but do no damage. You block the tentacle's attack.
GONNNNG!
The tentacle slaps you but does no damage.
A tentacle segment bursts forth from the water. x6
You block the tentacle's attack.
BONNNG!
You hit the kraken but do no damage. You block the tentacle's attack.
BOUMMMMG!
A tentacle rises from the water!
You block the tentacle's attack.
SHROANNG!
The tentacle slaps you.
A tentacle comes into view.
You take 2 damage, and have 151/157 hp.
You hit the kraken.
The kraken, the tentacles and the tentacle segment shudder.
You block the tentacle's attack.
PANG!
The tentacle slaps you! You block the kraken's attack.
SHROANNG!
The tentacle slaps you but does no damage.
You block the tentacle's attack.
BONNNG!
You take 7 damage, and have 144/157 hp.
You sock the kraken!
The kraken, the tentacles and the tentacle segment shudder.
You block the tentacle's attack.
GONNNNG!
The tentacle slaps you but does no damage.
The kraken squirts a massive cloud of ink into the water!
You block the tentacle's attack.
GONNNNG!
The tentacle slaps you but does no damage.
You hit the kraken.
The kraken, the tentacles and the tentacle segment shudder.
You block the tentacle's attack.
GONNNNG!
You block the tentacle's attack.
GONNNNG!
The tentacle slaps you but does no damage.
A tentacle segment bursts forth from the water.
You block the tentacle's attack.
PTOANNNG!
You block the kraken's attack.
GONNNNG!
You sock the kraken!
The kraken, the tentacles and the tentacle segment shudder.
You block the tentacle's attack.
PANG!
The tentacle slaps you. You block the tentacle's attack.
PTOANNNG!
The tentacle slaps you but does no damage.
A tentacle segment bursts forth from the water. x2
The kraken squirts a massive cloud of ink into the water!
You take 1 damage, and have 143/157 hp.
You hit the kraken but do no damage. You block the tentacle's attack.
GONNNNG!
You block the tentacle's attack.
BONNNG!
You block the tentacle's attack.
PANG!
A tentacle segment bursts forth from the water.
The tentacle closely misses you.
A tentacle segment bursts forth from the water. x4
You hit the kraken but do no damage. You block the tentacle's attack.
PANG!
You block the tentacle's attack.
SHROANNG!
You block the kraken's attack.
GONNNNG!
You block the tentacle's attack.
GONNNNG!
You block the tentacle's attack.
PANG!
You hit the kraken.
The kraken, the tentacles and the tentacle segment shudder.
You kill the kraken!
Makhleb accepts your kill.
You feel better.
The dead kraken's tentacles slide back into the water.
Your Evocations skill increases to level 19!
Health restored: 157 Unknown command.
You see here a short sword.
You see here an uncursed staff of earth.
There is a transporter here.
An exit appears before you!
You enter the transporter and appear at another place.
Found the Orb of Zot.
Found a staircase leading out of the dungeon.
You see here the Orb of Zot.
You pick up the Orb of Zot!
The Orb lets out a hideous shriek!
The lords of Pandemonium are not amused.
Beware!
Now all you have to do is get back out of the dungeon!
There is a staircase leading out of the dungeon here.
You have escaped!

............▓..▓.......▓..▓...8©8
....).......▓.▓▓▓.....▓▓▓.▓..):):
....()))....▓..▓.......▓..▓..}...
....().))...▓.............▓......
.....))()...▓......©......▓......
.....(.)....▓▓▓▓▓▓▓▓▓▓▓▓▓▓▓......
.....(.....(▓8888888888888▓..))).
▓.......▓...▓8...........8▓..▓)..
............▓8..@.....©..8▓.▓))).
............▓8...........8▓....©.
....©.......▓8888888888888▓▓▓▓▓▓▓
▓▓▓▓▓▓▓▓▓▓▓▓▓▓▓▓▓▓▓▓▓▓▓▓▓▓▓▓▓▓▓▓▓
.....8©8........▓........8©8.....
?:)..}))[:|=[}}.▓.):))[..)).}:)}:
)|})))})):[[}):.▓.[)||.|.[[))=.|.
)"}".....}:):):.▓.)|)|)|[[})|:)))
................▓.......))).[....


There were no monsters in sight!

Vanquished Creatures
  2 ancient liches (D)
  3 liches (D)
  5 krakens (D)
  An Orb Guardian (D)
  11 deep elf master archers (D)
  2 acid blobs (D)
  15 deep elf blademasters (D)
  A tentacled starspawn (D)
  2 shadow dragons (D)
  A draconian monk (D)
  18 deep elf sorcerers (D)
  A nagaraja (D)
  6 frost giants (D)
  2 draconian knights (D)
  4 draconian shifters (D)
  2 emperor scorpions (D)
  2 orc warlords (D)
  3 draconian stormcallers (D)
  A draconian annihilator (D)
  6 stone giants (D)
  A reaper (D)
  An entropy weaver (D)
  8 black draconians (D)
  14 deep elf annihilators (D)
  17 green draconians (D)
  A deep elf demonologist (D)
  8 white draconians (D)
  8 yellow draconians (D)
  6 red draconians (D)
  9 purple draconians (D)
  A deep elf death mage (D)
  2 spark wasps (D)
  4 death oozes (D)
  4 blizzard demons (D)
  A great orb of eyes (D)
  14 deep elf high priests (D)
  12 vault guards (D)
  2 yaktaur captains (D)
  2 hydras (D)
  3 ice dragons (D)
  5 anacondas (D)
  13 dancing weapons (D)
  An orc high priest (D)
  4 large abominations (D)
  A sixfirhy (D)
  7 deep elf knights (D)
  A death drake (shapeshifter) (D)
  8 deep elf archers (D)
  4 orc knights (D)
  4 orb spiders (D)
  6 wolf spiders (D)
  4 orc sorcerers (D)
  22 deep elf magi (D)
  A cyclops (D)
  3 draconians (D)
  4 moths of wrath (D)
  2 black mambas (D)
  A naga mage (D)
  A guardian serpent (D)
  A rust devil (D)
  2 spiny frogs (D)
  A spiny frog (shapeshifter) (D)
  2 rime drakes (D)
  2 komodo dragons (shapeshifter) (D)
  A freezing wraith (D)
  A komodo dragon (D)
  2 yaktaurs (D)
  3 demonic crawlers (D)
  5 ice devils (D)
  A red devil (D)
  7 small abominations (D)
  7 jumping spiders (D)
  7 hornets (D)
  2 trolls (D)
  3 merfolk (D)
  A hippogriff (D)
  3 slime creatures (D)
  5 polar bears (D)
  9 redbacks (D)
  7 tarantellas (D)
  A ynoxinul (D)
  3 air elementals (D)
  2 spriggans (D)
  A wyvern (D)
  2 fire elementals (D)
  A yak (D)
  A golden eye (D)
  A neqoxec (D)
  6 water elementals (D)
  A chaos spawn (D)
  3 nagas (D)
  3 water moccasins (D)
  A hell hound (D)
  A porcupine (D)
  A floating eye (D)
  6 orc warriors (D)
  A necrophage (D)
  2 eyes of draining (D)
  3 ice beasts (D)
  3 ogres (D)
  2 wolves (D)
  A crocodile (D)
  2 centaurs (D)
  2 bullfrogs (D)
  4 earth elementals (D)
  3 quasits (D)
  A crimson imp (D)
  6 iron imps (D)
  3 jellies (D)
  4 orc priests (D)
  A hell rat (D)
  2 adders (D)
  2 shadow imps (D)
  3 white imps (D)
  4 oozes (D)
  An adder zombie (D)
  An adder simulacrum (D)
  2 orcs (D)
  2 ball pythons (D)
  A bat simulacrum (D)
  A leopard gecko simulacrum (D)
  A quokka skeleton (D)
  11 crawling corpses (D)
  12 tentacles (D)
485 creatures vanquished.

Vanquished Creatures (collateral kills)
  A deep elf master archer (D)
  A deep elf blademaster (D)
  3 azure jellies (D)
  A nagaraja (D)
  2 reapers (D)
  A stone giant (D)
  A deep elf annihilator (D)
  2 death oozes (D)
  2 great orbs of eyes (D)
  2 naga warriors (D)
  3 anacondas (D)
  2 dancing weapons (D)
  An orc high priest (D)
  A deep elf knight (D)
  4 deep elf archers (D)
  3 deep elf magi (D)
  A harpy (shapeshifter) (D)
  2 shining eyes (D)
  An elephant (D)
  2 black mambas (D)
  An eye of devastation (D)
  2 yaktaurs (D)
  A troll (D)
  A hippogriff (D)
  7 slime creatures (D)
  A fire elemental (D)
  A water elemental (D)
  A golden eye (D)
  A warg (D)
  A water moccasin (D)
  A floating eye (D)
  A black bear (D)
  A crocodile (D)
  5 jellies (D)
  An iron imp (D)
  An adder zombie (D)
  2 bat zombies (D)
  A giant cockroach zombie (D)
  A jackal zombie (D)
67 creatures vanquished.

Vanquished Creatures (others)
  A deep elf master archer (D)
  An ice dragon (D)
  A deep elf mage (D)
  A rime drake (D)
  A polar bear (D)
  2 water elementals (D)
  A white imp (D)
  2 crawling corpses (D)
  3 starspawn tentacles (D)
  26 tentacles (D)
39 creatures vanquished.

Grand Total: 591 creatures vanquished

Notes
Turn   | Place    | Note
-------+----------+-------------------------------------------
     0 | D        | Found the +6 Majin-Bo {vamp, Archmagi MP+6 Int+6}
     0 | D        | Found the +7 great mace "Firestarter" {inner flame, rF++}
     0 | D        | theanonym the Gargoyle Fighter began the quest for the Orb.
     0 | D        | Reached XP level 1. HP: 14/14 MP: 1/1
     0 | D        | Found a deep blue altar of Sif Muna.
     0 | D        | Found a sacrificial altar of Ru.
     0 | D        | Found a bloodstained altar of Trog.
     0 | D        | Found a stormy altar of Qazlal.
     0 | D        | Found an iron altar of Okawaru.
     0 | D        | Found a sparkling altar of Nemelex Xobeh.
     0 | D        | Found a blossoming altar of Fedhas.
     2 | D        | Found a transporter.
     2 | D        | Found an ancient bone altar of Kikubaaqudgha.
     2 | D        | Found a viscous altar of Jiyva.
     2 | D        | Found a corrupted altar of Lugonu.
     2 | D        | Found a hazy altar of Hepliaklqana.
     2 | D        | Found a burning altar of Makhleb.
     2 | D        | Found an opulent altar of Gozag.
    27 | D        | Found the +9 heavy crossbow "Sniper" {velocity, Acc+∞ SInv}
    27 | D        | Found the +10 dark maul {crush}
    27 | D        | Found the +15 Maxwell's patent armour {-Cast -Tele rElec MR+ rCorr}
    27 | D        | Found the +18 shield of the Gong {rElec rN+ MR+ EV-5}
    27 | D        | Found the cursed +14 obsidian axe {chop, +Fly SInv *Curse}
    31 | D        | Became a worshipper of Makhleb the Destroyer
   133 | D        | Found the +6 shillelagh "Devastator" {shatter}
   133 | D        | Found the +11 plutonium sword {*Contam Stlth-}
   133 | D        | Found the +8 lance "Wyrmbane" {slay drac, rPois rF+ rC+ AC+3}
   133 | D        | Found the +9 sword of Zonguldrok {reap}
   133 | D        | Found the cursed +13 scythe of Curses {drain, *Curse}
   133 | D        | Found the +0 sword of Power
   133 | D        | Found the -4 mace of Variability {chaos}
   133 | D        | Found the +7 Singing Sword
   133 | D        | Found the +7 longbow "Piercer" {penet, EV-2}
   183 | D        | Entered arena 2.
   183 | D        | Found a transporter.
   202 | D        | Entered arena 3.
   202 | D        | Noticed an orc priest
   202 | D        | Found a transporter.
   205 | D        | Reached * piety under Makhleb
   205 | D        | Reached skill level 3 in Maces & Flails
   205 | D        | Reached XP level 2. HP: 20/20 MP: 2/2
   207 | D        | Reached skill level 4 in Fighting
   207 | D        | Reached skill level 4 in Maces & Flails
   207 | D        | Reached skill level 4 in Armour
   207 | D        | Reached skill level 4 in Shields
   207 | D        | Reached XP level 3. HP: 24/24 MP: 3/3
   214 | D        | Entered arena 4.
   214 | D        | Noticed a wolf
   214 | D        | Noticed a spriggan
   214 | D        | Noticed a spriggan
   214 | D        | Noticed a wolf
   214 | D        | Found a transporter.
   231 | D        | Killed a spriggan
   231 | D        | Reached ** piety under Makhleb
   231 | D        | Reached skill level 6 in Fighting
   231 | D        | Reached skill level 7 in Maces & Flails
   231 | D        | Reached skill level 6 in Armour
   231 | D        | Reached skill level 6 in Shields
   231 | D        | Reached XP level 4. HP: 32/32 MP: 4/4
   231 | D        | Reached XP level 5. HP: 37/37 MP: 5/5
   237 | D        | Killed a wolf
   237 | D        | Reached skill level 8 in Maces & Flails
   237 | D        | Reached XP level 6. HP: 35/42 MP: 6/6
   237 | D        | Killed a spriggan
   237 | D        | Reached skill level 7 in Fighting
   237 | D        | Reached skill level 9 in Maces & Flails
   237 | D        | Reached skill level 7 in Armour
   237 | D        | Reached skill level 7 in Shields
   238 | D        | Reached skill level 8 in Fighting
   238 | D        | Reached skill level 8 in Armour
   238 | D        | Reached skill level 8 in Shields
   238 | D        | Reached XP level 7. HP: 49/49 MP: 7/7
   246 | D        | Entered arena 5.
   246 | D        | Found a transporter.
   250 | D        | Reached *** piety under Makhleb
   251 | D        | Reached skill level 1 in Invocations
   261 | D        | Entered arena 6.
   261 | D        | Noticed a draconian
   261 | D        | Noticed a green draconian
   261 | D        | Noticed a black draconian
   261 | D        | Noticed a draconian
   261 | D        | Noticed a draconian
   261 | D        | Found a transporter.
   271 | D        | Killed a draconian
   271 | D        | Reached **** piety under Makhleb
   271 | D        | Reached skill level 10 in Maces & Flails
   271 | D        | Reached skill level 3 in Invocations
   271 | D        | Reached XP level 8. HP: 43/56 MP: 8/10
   273 | D        | Killed a draconian
   273 | D        | Reached skill level 9 in Fighting
   273 | D        | Reached skill level 11 in Maces & Flails
   273 | D        | Reached skill level 9 in Armour
   273 | D        | Reached skill level 9 in Shields
   273 | D        | Reached skill level 4 in Invocations
   286 | D        | Killed a green draconian
   286 | D        | Reached skill level 10 in Fighting
   286 | D        | Reached skill level 12 in Maces & Flails
   286 | D        | Reached skill level 10 in Armour
   286 | D        | Reached skill level 10 in Shields
   286 | D        | Reached XP level 9. HP: 63/63 MP: 9/12
   289 | D        | Killed a draconian
   289 | D        | Reached skill level 13 in Maces & Flails
   304 | D        | Killed a black draconian
   304 | D        | Reached ***** piety under Makhleb
   304 | D        | Reached skill level 11 in Fighting
   304 | D        | Reached skill level 11 in Armour
   304 | D        | Reached skill level 11 in Shields
   304 | D        | Reached XP level 10. HP: 50/70 MP: 11/13
   400 | D        | Entered arena 7.
   400 | D        | Noticed a deep elf mage
   400 | D        | Noticed a deep elf mage
   400 | D        | Noticed a deep elf archer
   400 | D        | Noticed a deep elf mage
   414 | D        | Killed a deep elf mage
   414 | D        | Reached skill level 14 in Maces & Flails
   416 | D        | Reached skill level 5 in Invocations
   422 | D        | Killed a deep elf mage
   431 | D        | Found a transporter.
   433 | D        | Killed a deep elf mage
   433 | D        | Reached skill level 12 in Fighting
   433 | D        | Reached skill level 12 in Armour
   433 | D        | Reached skill level 12 in Shields
   433 | D        | Reached skill level 6 in Invocations
   434 | D        | Killed a deep elf archer
   434 | D        | Reached skill level 7 in Invocations
   470 | D        | Entered arena 8.
   478 | D        | Reached skill level 1 in Dodging
   483 | D        | Reached ****** piety under Makhleb
   488 | D        | Reached skill level 2 in Dodging
   489 | D        | Found a transporter.
   498 | D        | Entered arena 9.
   498 | D        | Noticed a tentacled starspawn
   499 | D        | Found a transporter.
   508 | D        | Killed a tentacled starspawn
   508 | D        | Reached skill level 13 in Fighting
   508 | D        | Reached skill level 13 in Armour
   508 | D        | Reached skill level 3 in Dodging
   508 | D        | Reached skill level 13 in Shields
   508 | D        | Reached skill level 8 in Invocations
   508 | D        | Reached XP level 11. HP: 78/78 MP: 15/17
   511 | D        | Reached skill level 9 in Invocations
   521 | D        | Got the ring of Descent {rPois rF+ rN+}
   526 | D        | Entered arena 10.
   526 | D        | Noticed a sixfirhy
   527 | D        | Found a transporter.
   531 | D        | Reached skill level 4 in Dodging
   535 | D        | Killed a sixfirhy
   552 | D        | Reached skill level 14 in Fighting
   552 | D        | Reached XP level 12. HP: 85/85 MP: 19/19
   554 | D        | Entered arena 11.
   554 | D        | Noticed a deep elf knight
   554 | D        | Noticed a deep elf knight
   554 | D        | Noticed a deep elf demonologist
   557 | D        | Noticed a soul eater
   567 | D        | Killed a deep elf knight
   567 | D        | Reached skill level 5 in Dodging
   569 | D        | Reached skill level 14 in Shields
   569 | D        | Reached skill level 10 in Invocations
   571 | D        | Reached skill level 14 in Armour
   574 | D        | Killed a deep elf knight
   575 | D        | Noticed a cacodemon
   576 | D        | Reached skill level 15 in Fighting
   577 | D        | Found a transporter.
   579 | D        | Killed a deep elf demonologist
   579 | D        | Reached skill level 6 in Dodging
   595 | D        | Entered arena 12.
   595 | D        | Noticed a yellow draconian
   595 | D        | Noticed an Orb Guardian
   595 | D        | Noticed a black draconian
   595 | D        | Noticed a green draconian
   595 | D        | Noticed a green draconian
   596 | D        | Noticed a green draconian
   597 | D        | Noticed a purple draconian knight
   599 | D        | Noticed a red draconian
   599 | D        | Noticed a red draconian
   604 | D        | Noticed a green draconian
   608 | D        | Killed an Orb Guardian
   608 | D        | Reached skill level 16 in Fighting
   608 | D        | Reached skill level 11 in Invocations
   608 | D        | Reached XP level 13. HP: 93/93 MP: 21/21
   614 | D        | Killed a green draconian
   617 | D        | Killed a green draconian
   617 | D        | Reached skill level 7 in Dodging
   617 | D        | Reached skill level 15 in Shields
   621 | D        | Killed a green draconian
   621 | D        | Reached skill level 15 in Armour
   627 | D        | Killed a red draconian
   627 | D        | Reached skill level 12 in Invocations
   629 | D        | Killed a yellow draconian
   629 | D        | Reached skill level 17 in Fighting
   631 | D        | Killed a red draconian
   631 | D        | Reached skill level 8 in Dodging
   632 | D        | Killed a black draconian
   638 | D        | Killed a green draconian
   638 | D        | Reached skill level 18 in Fighting
   649 | D        | Killed a purple draconian knight
   649 | D        | Reached skill level 16 in Armour
   650 | D        | Got the +9 whip of Earthquakes {freeze, rN+ Int+2 Dex+4}
   652 | D        | Found a transporter.
   703 | D        | Entered arena 13.
   703 | D        | Noticed a green draconian
   703 | D        | Noticed a red draconian
   703 | D        | Noticed a green draconian
   703 | D        | Noticed a white draconian stormcaller
   703 | D        | Noticed a green draconian
   704 | D        | Noticed a green draconian
   704 | D        | Noticed a red draconian
   704 | D        | Noticed a green draconian
   704 | D        | Noticed a yellow draconian
   705 | D        | Noticed a red draconian shifter
   705 | D        | Noticed a white draconian
   723 | D        | Killed a yellow draconian
   723 | D        | Reached skill level 9 in Dodging
   723 | D        | Killed a white draconian stormcaller
   726 | D        | Found a transporter.
   729 | D        | Killed a white draconian
   731 | D        | Killed a red draconian
   731 | D        | Reached skill level 19 in Fighting
   732 | D        | Killed a green draconian
   734 | D        | Killed a green draconian
   736 | D        | Killed a red draconian shifter
   736 | D        | Reached skill level 17 in Armour
   736 | D        | Reached skill level 10 in Dodging
   738 | D        | Killed a green draconian
   738 | D        | Reached skill level 20 in Fighting
   739 | D        | Killed a green draconian
   739 | D        | Gained mutation: Your large and strong wings let you fly indefinitely. [Gargoyle growth]
   739 | D        | Reached XP level 14. HP: 108/108 MP: 23/23
   741 | D        | Killed a green draconian
   744 | D        | Killed a red draconian
   753 | D        | Got the ring of Uluufeko {+Blink rElec Str+2 Dex+3 Slay-4}
   755 | D        | Got the cursed +0 buckler of Untold Secrets {Int+2 Slay+3 Stlth-}
   757 | D        | Got the amulet of Woesuil {+Rage rF++ rC+ MP-9 Slay+4}
   774 | D        | Entered arena 14.
   779 | D        | Noticed an azure jelly
   782 | D        | Paralysed by a floating eye for 2 turns
   790 | D        | Killed an azure jelly
   790 | D        | Reached skill level 11 in Dodging
   791 | D        | Reached skill level 21 in Fighting
   793 | D        | Found a transporter.
   801 | D        | Got the ring "Jenat" {rC- MR+ Str+6 Int+6}
   817 | D        | Entered arena 15.
   818 | D        | Noticed a reaper
   819 | D        | Noticed a reaper
   819 | D        | Noticed a reaper
   820 | D        | Found a transporter.
   824 | D        | Killed a reaper
   829 | D        | Killed a reaper
   829 | D        | Reached skill level 18 in Armour
   829 | D        | Killed a reaper
   839 | D        | Entered arena 16.
   840 | D        | Noticed a deep elf blademaster
   840 | D        | Noticed a deep elf master archer
   841 | D        | Noticed a deep elf sorcerer
   846 | D        | Found a transporter.
   854 | D        | Killed a deep elf master archer
   854 | D        | Killed a deep elf sorcerer
   854 | D        | Reached skill level 13 in Invocations
   857 | D        | Reached skill level 22 in Fighting
   858 | D        | Killed a deep elf blademaster
   858 | D        | Reached skill level 12 in Dodging
   875 | D        | Got the cursed +0 pair of gloves of Eclailoc {rN+ Str+3 Int+3 Dex-3}
   894 | D        | Got a pitted scarf
   905 | D        | Identified the scarf of the Skies Above {rF- rN++ Dex+5} (You acquired it in the Dungeon)
   909 | D        | Entered arena 17.
   913 | D        | Paralysed by a floating eye for 4 turns
   926 | D        | Found the +12 glaive of Prune {chop}
   926 | D        | Found a transporter.
   940 | D        | Reached skill level 19 in Armour
   940 | D        | Reached skill level 14 in Invocations
   953 | D        | Entered arena 18.
   958 | D        | Found a transporter.
   964 | D        | Reached skill level 23 in Fighting
   986 | D        | Got the +1 robe of Duty {rElec rN+++ Int-5 Stlth-}
  1008 | D        | Entered arena 19.
  1012 | D        | Noticed an acid blob
  1013 | D        | Noticed an azure jelly
  1013 | D        | Noticed an azure jelly
  1013 | D        | Noticed an acid blob
  1014 | D        | Found a transporter.
  1017 | D        | Reached XP level 15. HP: 111/119 MP: 14/25
  1020 | D        | Reached skill level 1 in Evocations
  1022 | D        | Killed an acid blob
  1022 | D        | Reached skill level 2 in Evocations
  1027 | D        | Killed an azure jelly
  1027 | D        | Reached skill level 13 in Dodging
  1030 | D        | Killed an azure jelly
  1030 | D        | Reached skill level 3 in Evocations
  1031 | D        | Killed an acid blob
  1031 | D        | Reached skill level 15 in Invocations
  1035 | D        | Reached skill level 4 in Evocations
  1063 | D        | Entered arena 20.
  1075 | D        | Noticed a deep elf master archer
  1075 | D        | Noticed a deep elf blademaster
  1075 | D        | Noticed a deep elf sorcerer
  1078 | D        | Noticed a deep elf sorcerer
  1086 | D        | Killed a deep elf blademaster
  1086 | D        | Reached skill level 24 in Fighting
  1089 | D        | Noticed a deep elf master archer
  1095 | D        | Reached skill level 5 in Evocations
  1097 | D        | Killed a deep elf sorcerer
  1097 | D        | Reached skill level 20 in Armour
  1101 | D        | Killed a deep elf sorcerer
  1101 | D        | Reached skill level 6 in Evocations
  1104 | D        | Found a transporter.
  1108 | D        | Killed a deep elf master archer
  1110 | D        | Reached skill level 14 in Dodging
  1111 | D        | Reached skill level 7 in Evocations
  1112 | D        | Killed a deep elf master archer
  1112 | D        | Reached skill level 25 in Fighting
  1127 | D        | Entered arena 21.
  1198 | D        | Noticed a nagaraja
  1198 | D        | Noticed a nagaraja
  1206 | D        | Reached skill level 8 in Evocations
  1209 | D        | Killed a nagaraja
  1215 | D        | Found a transporter.
  1226 | D        | Killed a nagaraja
  1230 | D        | Entered arena 22.
  1300 | D        | Noticed an ancient lich
  1300 | D        | Noticed a lich
  1300 | D        | Noticed an ancient lich
  1301 | D        | Noticed a lich
  1301 | D        | Noticed a lich
  1302 | D        | Noticed a shadow dragon
  1303 | D        | Noticed a shadow dragon
  1304 | D        | Found the +3 hat of Pondering {ponderous, MR+ MP+10 Int+5}
  1311 | D        | Reached skill level 16 in Invocations
  1311 | D        | Reached XP level 16. HP: 131/131 MP: 17/28
  1315 | D        | Reached skill level 26 in Fighting
  1316 | D        | Killed a lich
  1316 | D        | Reached skill level 16 in Shields
  1321 | D        | Reached skill level 15 in Dodging
  1327 | D        | Killed an ancient lich
  1327 | D        | Reached skill level 21 in Armour
  1332 | D        | Noticed a Tzitzimitl
  1333 | D        | Killed an ancient lich
  1333 | D        | Reached skill level 27 in Fighting
  1333 | D        | Reached skill level 17 in Shields
  1333 | D        | Reached skill level 17 in Invocations
  1337 | D        | Killed a lich
  1337 | D        | Reached skill level 9 in Evocations
  1346 | D        | Identified the +7 lajatang of the Thoughtful Cities {slice, rN+ Int+2}
  1352 | D        | Reached skill level 15 in Maces & Flails
  1354 | D        | Killed a lich
  1354 | D        | Reached skill level 16 in Dodging
  1358 | D        | Reached skill level 22 in Armour
  1358 | D        | Reached skill level 18 in Invocations
  1358 | D        | Reached skill level 10 in Evocations
  1368 | D        | Killed a shadow dragon
  1368 | D        | Reached skill level 18 in Shields
  1376 | D        | Killed a shadow dragon
  1378 | D        | Found a transporter.
  1409 | D        | Entered arena 23.
  1479 | D        | Found a transporter.
  1498 | D        | Reached skill level 11 in Evocations
  1498 | D        | Reached XP level 17. HP: 136/139 MP: 21/30
  1501 | D        | Reached skill level 16 in Maces & Flails
  1524 | D        | Reached skill level 19 in Shields
  1524 | D        | Reached skill level 19 in Invocations
  1542 | D        | Entered arena 24.
  1549 | D        | Found the +10 zealot's sword {holy, *Rage rN+ EV+3}
  1553 | D        | Found the +3 Elemental Staff {rElec rF++ rC++ MR++ AC+5}
  1568 | D        | Reached skill level 17 in Dodging
  1569 | D        | Reached skill level 12 in Evocations
  1577 | D        | Reached skill level 17 in Maces & Flails
  1589 | D        | Found a transporter.
  1592 | D        | Reached skill level 13 in Evocations
  1597 | D        | Reached skill level 20 in Shields
  1597 | D        | Reached skill level 20 in Invocations
  1611 | D        | Got the cursed +0 cloak "Lonecodd" {rN+}
  1632 | D        | Entered arena 25.
  1642 | D        | Found a transporter.
  1654 | D        | Reached skill level 18 in Maces & Flails
  1654 | D        | Reached skill level 18 in Dodging
  1660 | D        | Reached skill level 14 in Evocations
  1673 | D        | Reached skill level 19 in Maces & Flails
  1673 | D        | Reached skill level 15 in Evocations
  1675 | D        | Reached skill level 19 in Dodging
  1683 | D        | Reached skill level 20 in Maces & Flails
  1687 | D        | Reached skill level 20 in Dodging
  1687 | D        | Reached XP level 18. HP: 145/145 MP: 23/32
  1705 | D        | Reached skill level 21 in Shields
  1716 | D        | Reached skill level 23 in Armour
  1716 | D        | Reached skill level 21 in Maces & Flails
  1769 | D        | Entered arena 26.
  1780 | D        | Found the +10 Black Knight's horse barding {ponderous, rPois rN+}
  1792 | D        | Reached skill level 21 in Dodging
  1819 | D        | Reached skill level 22 in Shields
  1826 | D        | Reached skill level 24 in Armour
  1830 | D        | Reached skill level 22 in Maces & Flails
  1845 | D        | Found the +4 Vampire's Tooth {vamp}
  1847 | D        | Found a transporter.
  1890 | D        | Got the ring of Fapleyvute {rN+ EV+4}
  1923 | D        | Got the +1 chain mail of Plasticity {rPois Dex+3}
  1943 | D        | Entered arena 27.
  1951 | D        | Noticed a deep elf master archer
  1952 | D        | Noticed a deep elf blademaster
  1952 | D        | Noticed a deep elf blademaster
  1952 | D        | Noticed a deep elf master archer
  1952 | D        | Noticed a deep elf master archer
  1952 | D        | Noticed a deep elf blademaster
  1953 | D        | Found the +6 arbalest "Damnation" {damnation}
  1953 | D        | Noticed a deep elf blademaster
  1953 | D        | Noticed a deep elf master archer
  1953 | D        | Noticed a deep elf blademaster
  1953 | D        | Noticed a deep elf master archer
  1954 | D        | Noticed a deep elf blademaster
  1955 | D        | Killed a deep elf blademaster
  1958 | D        | Noticed a deep elf blademaster
  1961 | D        | Reached skill level 22 in Dodging
  1965 | D        | Killed a deep elf blademaster
  1965 | D        | Reached skill level 23 in Shields
  1969 | D        | Killed a deep elf blademaster
  1969 | D        | Killed a deep elf master archer
  1969 | D        | Killed a deep elf master archer
  1969 | D        | Reached skill level 25 in Armour
  1972 | D        | Killed a deep elf blademaster
  1974 | D        | Reached skill level 23 in Maces & Flails
  1974 | D        | Reached skill level 23 in Dodging
  1978 | D        | Reached XP level 19. HP: 151/151 MP: 24/33
  1980 | D        | Reached skill level 24 in Shields
  1991 | D        | Reached skill level 25 in Shields
  1996 | D        | Reached skill level 24 in Dodging
  2005 | D        | Reached skill level 26 in Armour
  2023 | D        | Reached skill level 24 in Maces & Flails
  2029 | D        | Reached skill level 26 in Shields
  2087 | D        | Found a transporter.
  2101 | D        | Got the ring "Ciwn" {+Fly rPois rC- rN++ Stlth+}
  2113 | D        | Got the ring of Ephemeral Luck {Wiz Int+2}
  2131 | D        | Got the +2 plate armour of Tezo {rPois rC+}
  2138 | D        | Entered arena 28.
  2179 | D        | Reached skill level 25 in Dodging
  2182 | D        | Paralysed by a floating eye for 2 turns
  2192 | D        | Reached skill level 27 in Shields
  2197 | D        | Reached skill level 16 in Evocations
  2197 | D        | Reached skill level 27 in Armour
  2205 | D        | Reached skill level 25 in Maces & Flails
  2206 | D        | Reached skill level 26 in Dodging
  2213 | D        | Reached XP level 20. HP: 157/157 MP: 25/34
  2222 | D        | Reached skill level 27 in Dodging
  2225 | D        | Reached skill level 26 in Maces & Flails
  2230 | D        | Reached skill level 27 in Maces & Flails
  2233 | D        | Reached skill level 2 in Stealth
  2237 | D        | Reached skill level 3 in Stealth
  2244 | D        | Reached skill level 4 in Stealth
  2245 | D        | Reached skill level 5 in Stealth
  2248 | D        | Reached skill level 6 in Stealth
  2250 | D        | Reached skill level 7 in Stealth
  2252 | D        | Identified the +10 hand axe of the Tired Continents {venom, +Blink}
  2256 | D        | Reached skill level 9 in Stealth
  2256 | D        | Reached skill level 17 in Evocations
  2266 | D        | Reached skill level 10 in Stealth
  2270 | D        | Reached skill level 11 in Stealth
  2310 | D        | Reached skill level 12 in Stealth
  2310 | D        | Reached skill level 18 in Evocations
  2352 | D        | Found a transporter.
  2361 | D        | Reached skill level 13 in Stealth
  2378 | D        | Reached skill level 14 in Stealth
  2394 | D        | Reached skill level 19 in Evocations
  2404 | D        | Got the Orb of Zot
  2409 | D        | Escaped with the Orb!

Vault maps used:
D:        sprint_v

Skill      XL: |  1  2  3  4  5  6  7  8  9 10 11 12 13 14 15 16 17 18 19 20 |
---------------+-------------------------------------------------------------+-----
Maces & Flails | 3 4 7 8 9 10 12 13 14 15 20 23 25 27 | 27.0
Fighting       | 4 6 8 10 11 13 14 16 20 23 25 27 | 27.0
Armour         | 4 6 8 10 11 13 14 17 19 20 22 25 27 | 27.0
Shields        | 4 6 8 10 11 13 14 15 18 20 23 27 | 27.0
Invocations    | 3 4 8 9 11 12 14 16 18 20 | 20.0
Dodging        | 3 4 6 10 12 14 16 20 23 26 27 | 27.0
Evocations     | 8 11 15 16 19 | 19.0
Stealth        | 14 | 14.8

Action                   |  1- 3 |  4- 6 |  7- 9 | 10-12 | 13-15 | 16-18 | 19-21 || total
-------------------------+-------+-------+-------+-------+-------+-------+-------++-------
Melee: Shillelagh        |    18 |     5 |    38 |    94 |   199 |   321 |   240 ||   915
Invok: Greater Servant o |       |       |       |       |    12 |     2 |     1 ||    15
 Abil: Evoke Berserk Rag |       |       |       |       |       |     2 |     1 ||     3
       Fly               |       |       |       |       |       |       |     1 ||     1
  Use: Scroll            |     1 |       |       |     3 |     1 |       |       ||     5
       Potion            |     1 |       |       |     3 |     5 |     6 |     1 ||    16
  Eat: Chunk             |       |       |       |     6 |       |       |     1 ||     7
       Meat ration       |       |       |       |       |       |     1 |       ||     1
Armor: Plate armour      |    20 |     7 |    15 |    32 |   127 |   358 |   117 ||   676
Dodge: Dodged            |       |       |       |    14 |    66 |   222 |   108 ||   410
Block: Shield            |    40 |    18 |    48 |   156 |   370 |   815 |   549 ||  1996

Table legend:
 A = Spawn XP
 B = Non-spawn XP
 C = Spawn XP percentage of total XP
 D = Spawn monster count
 E = Non-spawn monster count
 F = Spawn count percentage of total count
 G = Total turns spent on level
                    A         B        C        D         E        F      G
               +---------+---------+-------+---------+---------+-------+---------
         Total |       0 |  438972 |   0.0 |       0 |     536 |   0.0 |  2409
               +---------+---------+-------+---------+---------+-------+---------
             D |       0 |  438972 |   0.0 |       0 |     536 |   0.0 |  2409
               +---------+---------+-------+---------+---------+-------+---------
